Map: El Dorado

Players

MaxmoMeridio

  • Race: Terran Terran
  • League: Gold
  • Spawn Location: 5:00

wootwoot - Winner!

  • Race: Zerg Zerg
  • League: Silver
  • Spawn Location: 7:00

VOD

Have the link to the VOD?

Description

Time

  • Played on: April 21, 2025, 11:15 a.m.
  • Length: 4:31
Show
View Real Time Build Order
Export as new Build Order

MaxmoMeridio Terran 

Build Orders:  

Get SALT Encoding   

  12  0:06  SCV  
  13  0:18  SCV  
  13  0:19  Supply Depot  
  14  0:30  SCV  
  15  0:49  Barracks  
  15  0:55  SCV  
  16  1:02  Refinery  
  16  1:07  SCV  
  17  1:26  SCV  
  17  1:30  Command Center  
  18  1:38  SCV  
  19  1:40  Bunker  
  19  1:42  Marine  
  20  2:03  Marine  
  21  2:13  SCV, Barracks  
  22  2:18  Refinery  
  22  2:23  Supply Depot  
  22  2:25  SCV  
  22  2:29  Barracks Reactor  
  23  2:42  SCV  
  24  2:52  Engineering Bay  
  24  2:53  Orbital Command  
  2  3:52  Marine  
  2  3:53  Marine  
  2  4:10  Marine  
  2  4:11  Marine  
Show
View Real Time Build Order
Export as new Build Order

wootwoot Zerg - Winner!

Build Orders: Pool Only, Ravager All-In 

Get SALT Encoding   

  12  0:00  Drone  
  13  0:08  Drone  
  14  0:25  Spawning Pool  
  13  0:29  Drone  
  13  0:33  Extractor  
  13  0:35  Drone  
  14  0:39  Extractor  
  14  0:42  Drone  
  14  0:52  Overlord  
  14  1:13  Roach Warren  
  13  1:19  Overlord  
  13  1:53  Roach x3  
  19  2:04  Roach  
  21  2:12  Ravager x2  
  23  2:15  Ravager  
  24  2:23  Ravager  
  24  2:29  Roach  
  27  2:43  Overlord  
  27  2:50  Ravager  
  28  3:18  Roach x2  
  32  3:34  Roach x2  
  36  3:40  Ravager x2  
  38  3:56  Overlord  
  38  4:18  Drone  
  38  4:19  Drone x2  
  38  4:20  Ravager  
Tags
 
Matchup
TvZ
Opening
Pool Only
Replay Pack
#1B2M-Replays
Spawn Locations
Close Positions
Add a new tag
Caveats
  • Supply blocks, unpowered buildings, or Contaminate may cause inaccurate times.
  • Supply counts are checked every 10 seconds.